 Dungeon Crawl Stone Soup version 0.26.1-11-gd32895ea62 (webtiles) character file.

Game seed: 8836632193444642424

8278 bnorton916 the Fighter (level 11, -5/93 HPs)
             Began as a Formicid Fighter on June 21, 2021.
             Was an Initiate of Gozag.
             Slain by a komodo dragon (10 damage)
             ... on level 8 of the Dungeon.
             The game lasted 00:20:52 (10704 turns).

bnorton916 the Fighter (Formicid Fighter)          Turns: 10704, Time: 00:20:53

Health: -5/93      AC: 14    Str: 24    XL:     11   Next: 52%
Magic:  11/11      EV: 14    Int: 17    God:    Gozag
Gold:   335        SH: 17    Dex: 17    Spells: 10/10 levels left

rFire    + + +     SeeInvis +   G - +1 war axe (vorpal)
rCold    . . .     Faith    .   c - +0 kite shield
rNeg     + + +     Spirit   .   B - +0 ring mail of the Garden {-Tele rF+++ Dex+7}
rPois    .         Reflect  +   (helmet unavailable)
rElec    .         Harm     .   w - +1 cloak of Perpetual Drought {Int+6 Dex+4}
rCorr    +         Rampage  .   K - +4 pair of gloves "Kuekhlej" {rN++ rCorr Int+4 Dex-5}
Will     +....                  (no boots)
Stlth    +.........             p - amulet of reflection
HPRegen  0.25/turn              z - ring of positive energy
MPRegen  0.12/turn              (no ring)

@: lethally poisoned (-5 -> -12)
A: permanent stasis, dig shafts and tunnels, four strong arms, antennae 3
a: Dig, Shaft Self, Renounce Religion, Potion Petition, Call Merchant, Bribe
Branch


You were on level 8 of the Dungeon.
You worshipped Gozag.
Gozag was aware of your devotion.
You visited 3 branches of the dungeon, and saw 11 of its levels.

You collected 1582 gold pieces.
You spent 1171 gold pieces at shops.
You paid 76 gold pieces to Gozag.

Inventory:

Hand Weapons
 a - a +1 scimitar of flaming
 D - a +0 hand axe of venom
 G - a +1 vorpal war axe (weapon)
Armour
 c - a +0 kite shield (worn)
 w - the +1 cloak of Perpetual Drought (worn) {Int+6 Dex+4}
   (You bought it in a shop on level 5 of the Dungeon)

   It affects your intelligence (+6).
   It affects your dexterity (+4).
 B - the +0 ring mail of the Garden (worn) {-Tele rF+++ Dex+7}
   (You bought it in a shop on level 5 of the Dungeon)

   It affects your dexterity (+7).
   It renders you almost immune to fire.
   It prevents most forms of teleportation.
 K - the +4 pair of gloves "Kuekhlej" (worn) {rN++ rCorr Int+4 Dex-5}
   (You bought it in a shop on level 5 of the Dungeon)

   It affects your intelligence (+4).
   It affects your dexterity (-5).
   It greatly protects you from negative energy.
   It provides partial protection from all sources of acid and corrosion.
Jewellery
 b - an uncursed ring of fire {unknown}
 p - an amulet of reflection (around neck)
 z - a ring of positive energy (left hand)
Wands
 r - a wand of acid (4)
 x - a wand of paralysis (4)
 C - a wand of disintegration (7)
 I - a wand of flame (15)
Scrolls
 f - a scroll of identify
 i - 4 scrolls of magic mapping
 m - a scroll of fog {unknown}
 q - 2 scrolls of enchant armour
 s - a scroll of fear {unknown}
 v - 5 scrolls of teleportation {unknown}
 y - 2 scrolls of random uselessness {unknown}
 A - a scroll of enchant weapon
 E - 2 scrolls of remove curse
 F - 2 scrolls of immolation {unknown}
 H - 3 scrolls of silence
Potions
 d - 2 potions of might
 e - a potion of resistance
 g - 5 potions of curing
 h - 5 potions of brilliance
 j - 4 potions of flight
 k - 3 potions of magic
 l - a potion of ambrosia
 o - 3 potions of heal wounds
 t - 3 potions of degeneration
 u - a potion of mutation


   Skills:
 + Level 11.1 Fighting
 + Level 9.8 Axes
 - Level 7.1 Armour
 + Level 5.0 Dodging
 - Level 9.0 Shields


You had 10 spell levels left.
You didn't know any spells.
Your spell library contained the following spells:

 Spells                   Type           Power        Failure   Level
 Animate Skeleton         Necr           0%           34%         1
 Apportation              Tloc           0%           34%         1
 Corona                   Hex            0%           34%         1
 Sandblast                Erth           0%           34%         1
 Sting                    Tmut/Pois      0%           34%         1
 Summon Small Mammal      Summ           0%           34%         1
 Passwall                 Tmut/Erth      0%           45%         2
 Poisonous Vapours        Pois/Air       0%           45%         2
 Ignite Poison            Fire/Tmut/Pois 0%           71%         3
 Mephitic Cloud           Conj/Pois/Air  0%           71%         3
 Stone Arrow              Conj/Erth      0%           71%         3
 Olgreb's Toxic Radiance  Pois           0%           98%         4
 Petrify                  Tmut/Erth      0%           98%         4
 Lee's Rapid Deconstruct  Erth           0%           100%        5


Dungeon Overview and Level Annotations

Branches:
Dungeon (9/15)             Temple (1/1) D:5            Lair (1/6) D:8
    Orc: D:9-12

Altars:
Ashenzari
Dithmenos
Elyvilon
Fedhas
Gozag
Hepliaklqana
Kikubaaqudgha
Makhleb
Nemelex Xobeh
Okawaru
Qazlal
Ru
Trog
Uskayaw
Vehumet
Wu Jian
Xom
Zin

Shops:
D:5 ?}[   D:9 (

Annotations:
D:7 exclusion: ice statue


Innate Abilities, Weirdness & Mutations

You cannot be hasted, slowed, berserked, paralysed or teleported.
You can dig through walls and to a lower floor.
Your four strong arms can wield two-handed weapons with a shield.
You have a pair of large antennae on your head. (SInv)


Message History

The black mamba poisons you!
Unknown command.
You slash the black mamba!
The black mamba is almost dead.
You feel sick. You block the black mamba's attack.
You extend your mandibles.
You dig through the rock wall.
You feel sick. The komodo dragon closely misses you.
You retract your mandibles.
You feel sick.
Unknown command.
You extend your mandibles.
You dig through the rock wall.
You feel sick. The five-headed hydra bites you!
* * * LOW HITPOINT WARNING * * *
The five-headed hydra barely misses you.
The five-headed hydra bites you!
* * * LOW HITPOINT WARNING * * *
You block the five-headed hydra's attack. x2
The komodo dragon bites you!
You die...
Your body crumbles into a pile of gold.

..<..........#..............#
#.#
.............#......#.......#
#>.
##.#...#.##.##.).>..#.......#
#.. #.#...#.##.###)|......######
#.. #.#...#.##...<[....>..# ##.
#.#...#.##########.#### #.
#.##.##.### ##..####### ##
#....)....# ##D#S......#
#########.#####@#.######.#######
######...........l.# #.#......
.............#####.# #.#.##...
#..##...#....#####.# #......##
#..##...........##.# ###.#####
.........#...#...#.# #.#####
#..##..........#...# #......
#............#...### #######
..###.#.####.#.###


You could see a five-headed hydra and a komodo dragon.

Vanquished Creatures
  Erica (D:9)
  A two-headed ogre (D:7)
  A cane toad (Lair:1)
  A polar bear (Lair:1)
  A hornet (D:7)
  17 yaks
  A wyvern (D:9)
  A basilisk (Lair:1)
  Duvessa (D:6)
  5 water moccasins (Lair:1)
  2 sky beasts
  2 ice beasts
  2 phantoms
  3 ogres
  A centaur (D:7)
  2 necrophages
  8 bullfrogs
  Dowan (D:6)
  3 wights (D:6)
  A howler monkey (D:8)
  A jelly (D:9)
  10 hounds
  5 orc wizards
  4 orc priests
  3 bullfrog skeletons
  2 iguanas
  4 worker ants
  A hound zombie (D:5)
  A worker ant zombie (D:8)
  16 adders
  5 white imps
  4 ufetubi
  2 oozes
  An adder skeleton (D:8)
  An adder zombie (D:5)
  2 worms
  3 dart slugs
  A leopard gecko (D:5)
  23 orcs
  2 ball pythons
  3 giant cockroaches
  7 hobgoblins
  9 jackals
  8 kobolds
  2 quokkas
  A bat (D:1)
  3 frilled lizards
  4 goblins
  2 leopard gecko skeletons
  A leopard gecko zombie (D:5)
  A quokka zombie (D:7)
  7 rats
194 creatures vanquished.

Vanquished Creatures (others)
  9 fungi (Lair:1)
  13 plants
22 creatures vanquished.

Grand Total: 216 creatures vanquished

Notes
Turn   | Place    | Note
-------+----------+-------------------------------------------
     0 | D:1      | bnorton916 the Formicid Fighter began the quest for the
                  | Orb.
     0 | D:1      | Reached XP level 1. HP: 18/18 MP: 1/1
   243 | D:1      | Reached XP level 2. HP: 24/24 MP: 2/2
  1029 | D:2      | Reached XP level 3. HP: 23/30 MP: 3/3
  1142 | D:2      | Found a sparkling altar of Nemelex Xobeh.
  1418 | D:2      | Reached XP level 4. HP: 35/37 MP: 4/4
  1722 | D:2      | Found a faded altar of an unknown god.
  1937 | D:3      | Reached skill level 4 in Fighting
  2356 | D:3      | Reached XP level 5. HP: 42/42 MP: 5/5
  2743 | D:4      | Noticed a bullfrog
  2757 | D:4      | Killed a bullfrog
  2758 | D:4      | Reached XP level 6. HP: 38/49 MP: 6/6
  2928 | D:4      | Reached skill level 5 in Shields
  3521 | D:5      | Entered Level 5 of the Dungeon
  3522 | D:5      | Found a staircase to the Ecumenical Temple.
  3556 | Temple   | Entered the Ecumenical Temple
  3824 | Temple   | Became a worshipper of Gozag Ym Sagoz the Greedy
  3919 | D:5      | Reached XP level 7. HP: 49/55 MP: 7/7
  3988 | D:5      | Reached skill level 5 in Armour
  3993 | D:5      | Reached skill level 5 in Fighting
  4108 | D:5      | Found a sacrificial altar of Ru.
  4337 | D:5      | Found Tuarui's Antique Armour Shop.
  4340 | D:5      | Bought a pitted cloak for 180 gold pieces
  4350 | D:5      | Identified the +1 cloak of Perpetual Drought {Int+6 Dex+4}
                  | (You bought it in a shop on level 5 of the Dungeon)
  4790 | D:5      | Found Rifeocy's Gadget Shop.
  4935 | D:5      | Found Niyc's Magic Scroll Shop.
  4946 | D:5      | Bought a scroll of magic mapping for 45 gold pieces
  5250 | D:5      | Found a shimmering altar of Xom.
  5635 | D:6      | Reached XP level 8. HP: 61/63 MP: 8/8
  6505 | D:5      | Reached skill level 6 in Fighting
  6540 | D:5      | Bought a diamond-studded ring mail for 171 gold pieces
  6550 | D:5      | Identified the +0 ring mail of the Garden {-Tele rF+++
                  | Dex+7} (You bought it in a shop on level 5 of the Dungeon)
  6609 | D:7      | Noticed Duvessa
  6609 | D:7      | Noticed Dowan
  6634 | D:6      | Killed Dowan
  6635 | D:6      | Reached skill level 5 in Axes
  6649 | D:6      | Killed Duvessa
  6803 | D:7      | Reached XP level 9. HP: 57/71 MP: 9/9
  6977 | D:7      | Noticed a hornet
  6989 | D:7      | Killed a hornet
  6995 | D:7      | Reached skill level 7 in Fighting
  7341 | D:7      | Noticed an ice statue
  7817 | D:8      | Found a staircase to the Lair.
  7994 | D:8      | Noticed a two-headed ogre
  8017 | D:7      | Killed a two-headed ogre
  8018 | D:7      | Reached skill level 8 in Fighting
  8018 | D:7      | Reached XP level 10. HP: 54/82 MP: 10/10
  8220 | D:8      | Reached skill level 9 in Fighting
  8818 | D:9      | Noticed Erica
  8830 | D:9      | Killed Erica
  8831 | D:9      | Reached skill level 1 in Dodging
  8924 | D:9      | Reached skill level 10 in Fighting
  8944 | D:9      | Found Nuad's Antique Weapon Boutique.
  9407 | D:5      | Bought a pair of encrusted gloves for 180 gold pieces
  9407 | D:5      | Bought a pair of pitted gloves for 180 gold pieces
  9424 | D:5      | Identified the +2 pair of gloves of Oniyh {Int+3 Stlth+}
                  | (You bought it in a shop on level 5 of the Dungeon)
  9434 | D:5      | Identified the +4 pair of gloves "Kuekhlej" {rN++ rCorr
                  | Int+4 Dex-5} (You bought it in a shop on level 5 of the
                  | Dungeon)
  9439 | D:5      | Bought a smoking leather armour for 133 gold pieces
  9439 | D:5      | Bought a twisted leather armour for 133 gold pieces
  9452 | D:5      | Identified the +1 leather armour of the Hanged Man {Harm
                  | Regen+ Str+3} (You bought it in a shop on level 5 of the
                  | Dungeon)
  9462 | D:5      | Identified the +1 leather armour "Vugy" {rElec rF+ rN+}
                  | (You bought it in a shop on level 5 of the Dungeon)
  9532 | D:5      | Bought a scroll of enchant armour for 97 gold pieces
  9532 | D:5      | Bought a scroll of identify for 26 gold pieces
  9532 | D:5      | Bought a scroll of identify for 26 gold pieces
  9604 | Lair:1   | Entered Level 1 of the Lair of Beasts
  9616 | Lair:1   | Noticed a cane toad
  9631 | Lair:1   | Killed a cane toad
  9632 | Lair:1   | Reached XP level 11. HP: 69/91 MP: 11/11
 10414 | Lair:1   | Reached skill level 11 in Fighting
 10470 | Lair:1   | Reached skill level 5 in Dodging
 10488 | Lair:1   | Noticed a seven-headed hydra
 10704 | D:8      | Slain by a komodo dragon

Illustrated notes

Levels and vault maps discovered:
D:1:      saegor_arrival_simple_a, layout_loops_cross
D:2:      layout_basic, lemuel_crystal_altar,
          chequers_ecumenical_altar_simple_redux, palyth_stone_intersect
D:3:      wad_lake_hut, layout_rooms
D:4:      layout_loops_ring
D:5:      layout_loops_ring, lemuel_doored_altar,
          minmay_temple_entry_large_hall, serial_shops, kennysheep_mini_moat,
          shop_scrolls, nicolae_shop_statue_plus,
          nicolae_ru_great_annihilating_truth
D:6:      layout_gridville
D:7:      lemuel_ice_statue, layout_basic, eino_small_chamber_without_monster,
          uniq_duvessa
D:8:      layout_loops_cross, lair_entry_dummy, st_stairs_3
D:9:      layout_grid_maze, amethyst_overflow_temple_binary, special_room
          [special_room_orc], serial_shops, shop, uniq_erica
Temple:   dpeg_five_rooms_temple
Lair:1:   layout_roguey, serial_rivers, chequers_serial_rivers_micro_a,
          chequers_serial_rivers_large_b, chequers_serial_rivers_micro_c,
          chequers_serial_rivers_small_3, beast_lair_carwin_8

Skill      XL: |  1  2  3  4  5  6  7  8  9 10 11 |
---------------+----------------------------------+-----
Shields        | 4 5 6 7 9 |  9.0
Armour         | 4 5 6 7 |  7.1
Fighting       | 4 5 6 8 10 11 | 11.1
Axes           | 3 4 5 7 8 9 |  9.8
Dodging        | 3 5 |  5.0

Action                   |  1- 3 |  4- 6 |  7- 9 | 10-12 || total
-------------------------+-------+-------+-------+-------++-------
Melee: Hand axe          |   107 |   212 |   246 |    73 ||   638
       War axe           |     2 |       |   198 |   198 ||   398
       Scimitar          |       |       |       |     3 ||     3
 Abil: Dig               |       |     1 |     9 |     6 ||    16
Evoke: Wand              |       |       |     2 |       ||     2
  Use: Scroll            |       |     7 |       |     9 ||    16
       Potion            |       |       |     1 |       ||     1
 Stab: Paralysed         |       |       |     2 |       ||     2
       Distracted        |       |       |     2 |     1 ||     3
Armor: Scale mail        |    31 |    61 |    62 |       ||   154
       Ring mail         |       |       |    41 |    45 ||    86
Dodge: Dodged            |    35 |    48 |    76 |    82 ||   241
Block: Kite shield       |    55 |   162 |   333 |   204 ||   754
       Reflection        |       |     1 |     5 |       ||     6
       Rpst.: Scimitar   |       |       |       |     3 ||     3
